 Dungeon Crawl Stone Soup version 0.19-a0-503-g45a6586 (webtiles) character file.

162 st0uf the Charmwright (level 5, -8/44 HPs)
             Began as a Draconian Skald on June 5, 2016.
             Mangled by a scorpion (10 damage)
             ... on level 3 of the Dungeon.
             The game lasted 00:06:22 (1931 turns).

st0uf the Charmwright (Draconian Skald)             Turns: 1931, Time: 00:06:23

Health: -8/44      AC:  5    Str: 15    XL:     5   Next: 19%
Magic:  8/8        EV: 13    Int: 13    God:
Gold:   72         SH:  0    Dex: 10    Spells: 1 memorised, 7 levels left

rFire  . . .     SeeInvis .     a - +0 mace
rCold  . . .     Gourm    .     (armour unavailable)
rNeg   . . .     Faith    .     (no shield)
rPois  .         Spirit   .     (helmet restricted)
rElec  .         Dismiss  .     (no cloak)
rCorr  .         Reflect  .     (no gloves)
SustAt .         Harm     .     (no boots)
MR     .....                    (no amulet)
Stlth  +.........               (no ring)
                                (no ring)

@: lethally poisoned (-8 -> -18), not resistant to hostile enchantments, very
unstealthy
A: unfitting armour, cold-blooded, AC +5
a: no special abilities


You were on level 3 of the Dungeon.
You were hungry.

You visited 1 branch of the dungeon, and saw 3 of its levels.

You collected 72 gold pieces.

Inventory:

Hand Weapons
 a - a +0 mace (weapon)
Jewellery
 f - an uncursed amulet of harm {unknown}
 j - a cursed ring of loudness {unknown}
 k - an uncursed ring of positive energy {unknown}
Scrolls
 d - 3 scrolls of remove curse {unknown}
 e - a scroll of blinking {unknown}
 i - 3 scrolls of identify {unknown}
 l - a scroll of fog {unknown}
Potions
 g - a potion of cure mutation {unknown}
 h - 2 potions of curing {unknown}
Books
 b - a book of Battle

   Spells                             Type                      Level
   a - Infusion                       Charms                       1
   b - Shroud of Golubria             Charms/Translocation         2
   c - Song of Slaying                Charms                       2
   d - Spectral Weapon                Hexes/Charms                 3
   e - Regeneration                   Charms/Necromancy            3
Comestibles
 c - 3 bread rations


   Skills:
 + Level 2.9 Fighting
 + Level 2.6 Maces & Flails
 + Level 3.3 Dodging
 - Level 2.0 Spellcasting
 + Level 3.6 Charms


You had 7 spell levels left.
You knew the following spells:

 Your Spells              Type           Power        Failure   Level  Hunger
a - Infusion              Chrm           ##..         8%          1    ##.....


Dungeon Overview and Level Annotations

Branches:
Dungeon (3/15)

Altars:
Hepliaklqana
Kikubaaqudgha
Nemelex Xobeh
Ru
Vehumet


Innate Abilities, Weirdness & Mutations

Your plain brown scales are hard. (AC +5)
Your body does not fit into most forms of armour.
You are cold-blooded and may be slowed by cold attacks.


Message History

The scorpion is severely wounded.
You feel sick. The scorpion stings you!
You barely miss the scorpion.
The scorpion is severely wounded.
The scorpion stings you!
* * * LOW HITPOINT WARNING * * *
You are lethally poisoned!
The scorpion poisons you!
You barely miss the scorpion.
The scorpion is severely wounded.
* * * LOW HITPOINT WARNING * * *
You feel sick. The scorpion closely misses you.
You barely miss the scorpion.
You tail-slap the scorpion, but do no damage.
The scorpion is severely wounded.
* * * LOW HITPOINT WARNING * * *
You feel sick. The scorpion stings you.
* * * LOW HITPOINT WARNING * * *
The scorpion stings you!
You die...

#.....†..#####.#
#..#
#.###......###.#
#.## #.#......).# ..
#.#.##.##### #..
#....#.# #..
#.#..#.# #..
#......## .#
#.......######..?##
#..........@s......
....................
##(...........(.....
#.......######...##
#.......# ...#
#.......# ..#
#####.### .# #. .#


You could see a scorpion.

Vanquished Creatures
  A centaur (D:3)
  3 adders (D:2)
  2 worms (D:2)
  7 bats
  A giant cockroach (D:1)
  8 goblins
  5 hobgoblins
  2 jackals (D:2)
  2 quokkas (D:2)
  3 giant newts
  6 kobolds
  7 rats
47 creatures vanquished.

Notes
Turn   | Place    | Note
--------------------------------------------------------------
     0 | D:1      | st0uf the Draconian Skald began the quest for the Orb.
     0 | D:1      | Reached XP level 1. HP: 17/17 MP: 3/3
   145 | D:1      | Reached XP level 2. HP: 24/24 MP: 1/5
   713 | D:2      | Found a radiant altar of Vehumet.
   714 | D:2      | Found a hazy altar of Hepliaklqana.
   750 | D:2      | Found a sparkling altar of Nemelex Xobeh.
   751 | D:2      | Found an ancient bone altar of Kikubaaqudgha.
   832 | D:2      | Reached XP level 3. HP: 30/30 MP: 2/6
   952 | D:2      | Found a sacrificial altar of Ru.
  1195 | D:2      | Reached XP level 4. HP: 31/37 MP: 1/7
  1632 | D:3      | Noticed a centaur
  1646 | D:3      | Killed a centaur
  1646 | D:3      | Reached XP level 5. HP: 11/44 MP: 0/8
  1931 | D:3      | HP: 2/44 [scorpion (3)]
  1931 | D:3      | Mangled by a scorpion

Vault maps used:
D:1:      dpeg_arrival_water_temple_mockup
D:2:      nicolae_ru_awakened_eye, gammafunk_temple_overflow_pools,
          nicolae_overflow_crystal_walls, overflow_temple_1_default,
          corner_web_ring
D:3:      minmay_shallow_snake_nest, uniq_crazy_yiuf_cottage

Skill      XL: |  1  2  3  4 |
---------------+-------------+-----
Charms         | 3 |  3.6
Dodging        | 2 3 |  3.3
Fighting       | |  2.9
Maces & Flails | |  2.6
Spellcasting   | |  2.0

Action                   |  1- 3 |  4- 6 || total
-------------------------+-------+-------++-------
Melee: Mace              |   119 |    49 ||   168
       Tailslap          |     7 |     4 ||    11
 Cast: Infusion          |     9 |     2 ||    11
 Stab: Sleeping          |     1 |     1 ||     2
  Eat: Chunk             |     1 |     2 ||     3
Armor: Skin              |    36 |    19 ||    55
Dodge: Dodged            |    92 |    37 ||   129
